 Dungeon Crawl Stone Soup version 0.32-a0-834-geaf45d8e21 (webtiles) character file.

Game seed: 11277567488883508170

252 Ruich the Covert (level 5, -1/31 HPs)
             Began as a Vampire Delver on Mar 25, 2024.
             Was an Initiate of Hepliaklqana.
             Slain by a gnoll
             ... wielding a +0 halberd
             ... led by a gnoll bouda
              (3 damage)
             ... on level 4 of the Dungeon.
             The game lasted 00:17:03 (3727 turns).

Ruich the Covert (Vampire Delver)                   Turns: 3727, Time: 00:17:04

Health: -1/31      AC:  7    Str: 11    XL:     5   Next: 89%
Magic:  5/5        EV: 11    Int: 13    God:    Hepliaklqana [......]
Gold:   212        SH:  0    Dex: 23    Spells: 4/4 levels left

rFire   . . .        g - +0 dagger
rCold   + + .        (no shield)
rNeg    + + +        a - +0 leather armour
rPois   ∞            (no helmet)
rElec   .            l - +0 cloak
rCorr   .            (no gloves)
SInv    +            x - +2 pair of boots
Will    .....        u - amulet of faith {!P}
Stlth   +++++++      r - +6 ring of dexterity
HPRegen 0.00/turn    (no ring)
MPRegen 0.09/turn

%: faith
@: weakened, bloodless, inhibited regen
A: bloodless, fangs 3, see invisible, vampiric 2
a: Bat Form, Revivify, Renounce Religion


You were on level 4 of the Dungeon.
You worshipped Hepliaklqana.
Hepliaklqana was noncommittal.
You visited 1 branch of the dungeon, and saw 5 of its levels.

You collected 212 gold pieces.


Innate Abilities, Weirdness & Mutations

You do not regenerate when monsters are visible.
You are frail without blood (-20% HP).
You can heal yourself when you bite living creatures.
You are immune to poison.
You have razor-sharp teeth.
You have supernaturally acute eyesight. (SInv)
You are afflicted with vampirism and can become a bat while bloodless.


   Skills:
 - Level 2.6 Fighting
 + Level 2.7 Short Blades
 - Level 2.1 Dodging
 - Level 10.5 Stealth
 - Level 3.0 Unarmed Combat
 + Level 0.0 Spellcasting


You had 4 spell levels left.
You didn't know any spells.
Your spell library contained the following spells:

 Spells                   Type           Power      Damage    Failure   Level
 Necrotise                Necr           0%         1d4       38%         1
 Scorch                   Fire           0%         2d5       52%         2
 Inner Flame              Hex/Fire       0%         N/A       77%         3
 Vampiric Draining        Necr           0%         2d6       77%         3
 Flame Wave               Conj/Fire      0%         2d4       99%         4
 Martyr's Knell           Necr/Summ      0%         N/A       99%         4
 Curse of Agony           Necr           0%         N/A       100%        5
 Irradiate                Conj/Alch      0%         3d11      100%        5
 Summon Cactus Giant      Summ           0%         N/A       100%        6
 Ignition                 Fire           0%         3d3       100%        8

Inventory:

Hand Weapons
 g - a +0 dagger (weapon)
Armour
 a - a +0 leather armour (worn)
 l - a +0 cloak (worn)
 x - a +2 pair of boots (worn)
Magical Staves
 h - a staff of earth {!a}
Jewellery
 r - a +6 ring of dexterity (left hand)
 u - an amulet of faith (around neck) {!P}
Talismans
 w - a flux talisman
Wands
 f - a wand of digging (3)
Scrolls
 b - a scroll of fog
 c - a scroll of noise
 d - a scroll of fear
 p - a scroll of revelation
Potions
 e - a potion of haste {@q3}
 i - a potion of curing {unknown}
 j - a potion of cancellation {unknown}
 k - a potion of mutation
 m - a potion of brilliance
 n - a potion of lignification {unknown}
 t - a potion of magic
 v - 2 potions of ambrosia

Dungeon Overview and Level Annotations

Branches:
Dungeon (5/15) Zot: 23590
 Temple: D:4-7

Altars:
Dithmenos
Hepliaklqana
Kikubaaqudgha
Trog

Annotations:
D:4 exclusion: gnoll bouda

....# #.......#...........#####
....####......#...........#
........#.....#...........#######
........#.....#.....#............
........#.....#...........#######
..........##+##...........#
.....#....##..#...........#
#....#....###......##.....#
#...##.###....gg@#....#...##+##
#....#.# #.....>(##..##.......#
#....#+###.......##''##.......#
.................##..P#.......#
.................##__##.......+
..................#⌠⌠#........#
...........############.....###
...........# #.#.#...#
...........# ###.#.#...#


You could see a gnoll bouda and a gnoll (swift).


Message History

The gnoll bouda gazes fiercely through you!
You feel your attacks grow feeble.
The gnoll bouda attacks as it pursues you!
* * * LOW HITPOINT WARNING * * *
The gnoll bouda attacks as it pursues you!
* * * LOW HITPOINT WARNING * * *
The gnoll bouda attacks as it pursues you!
The gnoll bouda completely misses you.
The gnoll bouda attacks as it pursues you!
The gnoll bouda closely misses you.
There is a stone staircase leading down here.
The gnoll bouda barks out a call to the hunt!
The gnoll picks up the pace!
You climb downwards.
There is a stone staircase leading up here.
Welcome back, Ruich the Vampire Delver.
Hepliaklqana says: Your past becomes your present!
Press ? for a list of commands and other information.
Your attacks no longer feel as feeble.
The gnoll bouda gazes fiercely through you!
You feel your attacks grow feeble.
You climb upwards.
Level annotation: exclusion: gnoll bouda The gnoll throws a throwing net.
The throwing net barely misses you.
There is a stone staircase leading down here.
The gnoll bouda attacks as it pursues you!
* * * LOW HITPOINT WARNING * * *
The gnoll attacks as it pursues you!
You die...
Hepliaklqana delivers you to your ancestors.

Skill      XL: |  1  2  3  4  5 |
---------------+----------------+-----
Stealth        | 8 9 10 | 10.5
Unarmed Combat | 3 |  3.0
Short Blades   | 1 2 |  2.7
Fighting       | |  2.6
Dodging        | |  2.1

Action                     |  1- 3 |  4- 6 || total
---------------------------+-------+-------++-------
  Melee: Dagger            |    42 |   194 ||   236
         Unarmed           |     2 |       ||     2
         Bite              |     1 |    23 ||    24
Ability: Exsanguinate      |     1 |       ||     1
    Use: Scroll            |     1 |    11 ||    12
         Potion            |       |     1 ||     1
   Stab: Sleeping          |    25 |    10 ||    35
         Distracted        |       |     1 ||     1
 Armour: Leather armour    |     8 |   131 ||   139
  Dodge: Dodged            |     7 |   110 ||   117

Levels and vault maps discovered:
D:1:      dpeg_arrival_tiny_d, layout_basic, lemuel_flame_loot_1
D:2:      layout_basic
D:3:      layout_rooms, mainiacjoe_overflow_catch_the_wave
D:4:      layout_basic, gammafunk_temple_overflow_wave, kennysheep_small_circle
D:5:      layout_basic, vehumet_statue, mainiacjoe_overflow_boulevard,
          serial_shops, nicolae_shop_drivethru, nicolae_wormholes

Notes
Turn   | Place    | Note
-------+----------+-------------------------------------------
     0 | D:5      | Ruich the Vampire Delver began the quest for the Orb.
     0 | D:5      | Reached XP level 1. HP: 17/17 MP: 1/1
    59 | D:4      | Noticed an iguana
   145 | D:4      | Noticed a hound
   149 | D:4      | Killed a hound
   150 | D:4      | Reached skill level 8 in Stealth
   150 | D:4      | Reached XP level 2. HP: 18/18 MP: 2/2
   150 | D:4      | Gained mutation: You are afflicted with vampirism and can
                  | become a bat while bloodless. [Vampire growth]
   150 | D:4      | Reached XP level 3. HP: 22/22 MP: 3/3
   257 | D:3      | Reached skill level 3 in Unarmed Combat
   620 | D:1      | Reached XP level 4. HP: 27/27 MP: 4/4
  1253 | D:2      | Reached skill level 9 in Stealth
  1296 | D:2      | Reached skill level 1 in Short Blades
  2007 | D:2      | Reached XP level 5. HP: 31/31 MP: 5/5
  2336 | D:3      | Reached skill level 2 in Short Blades
  2337 | D:3      | HP: 3/31 [orc priest/divine providence (13)]
  2341 | D:3      | Found a hazy altar of Hepliaklqana.
  2603 | D:2      | Reached skill level 10 in Stealth
  2891 | D:3      | Became a worshipper of Hepliaklqana the Forgotten
  3428 | D:3      | Found a bloodstained altar of Trog.
  3529 | D:4      | Found a shadowy altar of Dithmenos.
  3529 | D:4      | Found an ancient bone altar of Kikubaaqudgha.
  3727 | D:4      | HP: 2/31 [gnoll bouda/+0 whip (2)]
  3727 | D:4      | Slain by a gnoll

Vanquished Creatures
  A bombardier beetle (D:2)
  A hound (D:4)
  An orc priest (D:3)
  2 orc wizards
  3 adders (D:2)
  A dart slug (D:3)
  4 ribbon worms
  7 orcs
  5 ball pythons
  6 bats
  9 endoplasms
  3 giant cockroaches
  6 goblins
  4 hobgoblins
  3 jackals (D:1)
  A quokka (D:2)
  A frilled lizard (D:3)
  3 kobolds (D:1)
  8 rats
69 creatures vanquished.

Vanquished Creatures (others)
  A rat (D:1)
1 creature vanquished.

Grand Total: 70 creatures vanquished

Table legend: (Time is in decaauts)
 A = Elapsed time spent in this place.
 B = Non-inter-level travel time spent in this place.
 C = Inter-level travel time spent in this place.
 D = Time resting spent in this place.
 E = Time spent auto-exploring this place.
 F = Levels seen in this place.
 G = Mean time per level.
                   A        B        C        D        E       F      G
               +--------+--------+--------+--------+--------+-----+--------+
         Total |   3700 |   3693 |      7 |    772 |   1783 |   5 |  740.0 |
       Dungeon |   3700 |   3693 |      7 |    772 |   1783 |   5 |  740.0 |
               +--------+--------+--------+--------+--------+-----+--------+

Top non-repeatable levels by time:
     D:2: 1453 daAuts
     D:3: 936 daAuts
     D:1: 883 daAuts
     D:4: 386 daAuts
     D:5: 40 daAuts

Table legend:
 A = Non-vault XP
 B = Vault XP
 C = Vault XP percentage of total XP
 D = Non-vault monster count
 E = Vault monster count
 F = Vault count percentage of total count
                 A         B        C        D         E       F
            +---------+---------+-------+---------+---------+-------
      Total |     361 |       0 |   0.0 |      69 |       0 |   0.0
            +---------+---------+-------+---------+---------+-------
        D:1 |      40 |       0 |   0.0 |      25 |       0 |   0.0
        D:2 |     157 |       0 |   0.0 |      23 |       0 |   0.0
        D:3 |     106 |       0 |   0.0 |      14 |       0 |   0.0
        D:4 |      58 |       0 |   0.0 |       7 |       0 |   0.0
            +---------+---------+-------+---------+---------+-------
